 Dungeon Crawl Stone Soup version 0.20-a0-893-g832831a (webtiles) character file.

11370 Eptagon the Grappler (level 11, -7/121 HPs)
             Began as an Octopode Fighter on Mar 18, 2017.
             Was an Initiate of Gozag.
             Mangled by a spriggan rider
             ... wielding a cursed +0 spear
              (26 damage)
             ... on level 2 of the Lair of Beasts.
             The game lasted 00:22:38 (13160 turns).

Eptagon the Grappler (Octopode Fighter)            Turns: 13160, Time: 00:22:39

Health: -7/121     AC:  3    Str: 21    XL:     11   Next: 76%
Magic:  11/11      EV: 14    Int: 11    God:    Gozag
Gold:   886        SH: 11    Dex: 14    Spells: 10/10 levels left

rFire    . . .     SeeInvis +     - Unarmed
rCold    . . .     Gourm    .   a - +1 shield
rNeg     . . .     Faith    .   (helmet restricted)
rPois    .         Spirit   .   e - amulet of rage
rElec    .         Reflect  .   x - ring of see invisible
rCorr    .         Harm     .   (no ring)
MR       .....                  (no ring)
Stlth    ..........             (no ring)
Regen    0.3/turn               (no ring)
MPRegen  0.2/turn               (no ring)
                                (no ring)
                                (no ring)

@: berserking, very quick
A: almost no armour, stealthy swim, amphibious, 8 rings, constrict 8, molten
scales 1, camouflage 1, mutation resistance 1, gelatinous body 1
a: Potion Petition, Call Merchant, Bribe Branch, Renounce Religion, Evoke
Berserk Rage


You were on level 2 of the Lair of Beasts.
You worshipped Gozag.
Gozag was pleased with you.
You were not hungry.

You visited 3 branches of the dungeon, and saw 11 of its levels.

You collected 2011 gold pieces.
You paid 1125 gold pieces to Gozag.

Inventory:

Armour
 a - a +1 shield (worn)
Jewellery
 e - an amulet of rage (around mantle)
 l - an uncursed amulet of regeneration
 r - a +3 amulet of reflection
 x - a ring of see invisible (left tentacle)
Wands
 g - a wand of iceblast (7/15)
 o - a wand of flame (0/48)
 p - a wand of lightning (13/15)
 t - a wand of disintegration (9/24)
 C - a wand of acid (7/15)
 D - a wand of disintegration (17/24)
Scrolls
 b - a scroll of teleportation
 d - 4 scrolls of magic mapping
 f - a scroll of fog
 j - 4 scrolls of recharging
 m - 3 scrolls of blinking
 v - 3 scrolls of remove curse
Potions
 h - 2 potions of mutation
 i - a potion of heal wounds
 n - 2 potions of magic
 q - a potion of ambrosia
 s - a potion of degeneration {unknown}
 u - 2 potions of brilliance
 z - 2 potions of haste
 B - a potion of invisibility
 E - a potion of agility
Books
 y - a book of the Tempests

   Spells                             Type                      Level
   a - Static Discharge               Conjuration/Air              3
   b - Lightning Bolt                 Conjuration/Air              5
   c - Ignition                       Fire                         8
   d - Tornado                        Air                          9
   e - Shatter                        Earth                        9
Miscellaneous
 A - a lightning rod (4/4)
Comestibles
 c - 2 bread rations
 k - 8 meat rations
 w - 4 fruits


   Skills:
 + Level 10.2 Fighting
 + Level 5.9 Dodging
 + Level 5.8 Shields
 * Level 13.5 Unarmed Combat


You had 10 spell levels left.
You didn't know any spells.

Dungeon Overview and Level Annotations

Branches:
Dungeon (8/15)             Temple (1/1) D:4            Lair (2/6) D:8
  Swamp: Lair:2-4    Shoals: Lair:2-4     Snake: Lair:2-4    Spider: Lair:2-4

Altars:
Ashenzari
Cheibriados
Dithmenos
Elyvilon
Fedhas
Gozag
Hepliaklqana
Kikubaaqudgha
Makhleb
Nemelex Xobeh
Okawaru
Qazlal
Ru
Sif Muna
Trog
Uskayaw
Vehumet
Wu Jian
Xom
Yredelemnul
Zin
The Shining One

Shops:
D:6 =   D:7 }


Innate Abilities, Weirdness & Mutations

You cannot wear most types of armour.
You are very stealthy in the water. (Stealth+)
You are amphibious.
You can wear up to eight rings at the same time.
You can use your tentacles to constrict eight enemies at once.
Your skin changes colour to match your surroundings (Stealth+).
Your rubbery body absorbs attacks. (AC +1, EV +1)
You are partially covered in molten scales. (AC +2)
You are somewhat resistant to further mutation.


Message History

You are too injured to fight recklessly!
You are too injured to fight recklessly!
You are too injured to fight recklessly!
You miss the spriggan rider. The spriggan rider blocks your attack.
Your squeeze misses the spriggan rider.
The spriggan rider hits you with a spear.
You closely miss the spriggan rider. Your grab misses the spriggan rider.
Your squeeze misses the spriggan rider. You miss the spriggan rider.
Your grab misses the spriggan rider.
Your tentacle-slap misses the spriggan rider.
The spriggan rider hits you with a spear!!
A red film seems to cover your vision as you go berserk!
You feel yourself moving faster!
You feel mighty!
You feel a lot more hungry.
The spriggan rider hits you with a spear!!
* * * LOW HITPOINT WARNING * * *
Your shield prevents you from hitting the spriggan rider.
Your grab misses the spriggan rider.
The spriggan rider hits you with a spear!!
You die...
Your body crumbles into a pile of gold.

### ### ########
#.#####.###.##..##
#.................
#..#..............
##..##........#....
#.......##..###..P#
########@.##.....P#......
......?.i.#...#.........#
........................P
#.#.....................
##...#####...........# .
#...###............#.
...##....................
.........................
...................#.....


You could see a spriggan rider.

Vanquished Creatures
  A two-headed ogre (D:8)
  An obsidian statue (Lair:1)
  The ghost of Bleys the Covert, a novice SpEn of Gozag (D:7)
  A black mamba (Lair:1)
  4 spiny frogs
  2 hippogriffs
  The ghost of Bleys the Covert, an amateur SpEn of Gozag (D:4)
  2 hell hounds (D:8)
  6 water moccasins
  An ice beast (D:7)
  2 porcupines (Lair:1)
  6 orc warriors
  A necrophage (D:7)
  7 ogres
  17 wolves (Lair:2)
  4 centaurs
  A crocodile (Lair:2)
  A big kobold (D:8)
  8 bullfrogs
  3 scorpions
  17 killer bees (D:7)
  13 wights
  3 howler monkeys
  An electric eel (Lair:1)
  5 crimson imps
  A bullfrog zombie (D:6)
  A centaur zombie (D:5)
  A centaur skeleton (D:8)
  4 hounds
  A jelly (D:8)
  2 bullfrog skeletons (D:5)
  8 orc priests
  Jessica (D:2)
  An iguana (D:5)
  3 worker ants
  16 orc wizards
  Robin (D:2)
  2 gnolls (D:2)
  A howler monkey skeleton (D:5)
  11 adders
  An adder zombie (D:4)
  2 oozes
  An adder skeleton (D:7)
  4 worms
  4 dart slugs
  6 leopard geckos
  46 orcs
  13 bats
  3 giant cockroaches (D:1)
  19 goblins
  13 hobgoblins
  13 kobolds
  5 quokkas
  3 ball pythons
  3 frilled lizards
  A leopard gecko skeleton (D:5)
  10 rats
310 creatures vanquished.

Vanquished Creatures (others)
  2 fungi (Lair:2)
2 creatures vanquished.

Grand Total: 312 creatures vanquished

Notes
Turn   | Place    | Note
-------+----------+-------------------------------------------
     0 | D:1      | Eptagon the Octopode Fighter began the quest for the Orb.
     0 | D:1      | Reached XP level 1. HP: 16/16 MP: 1/1
   126 | D:1      | Reached XP level 2. HP: 21/21 MP: 2/2
   711 | D:1      | Reached XP level 3. HP: 23/26 MP: 3/3
   743 | D:1      | Reached skill level 3 in Unarmed Combat
  1031 | D:2      | Found an ancient bone altar of Kikubaaqudgha.
  1061 | D:2      | Found an iron altar of Okawaru.
  1141 | D:2      | Noticed Jessica
  1144 | D:2      | Killed Jessica
  1144 | D:2      | Reached XP level 4. HP: 27/33 MP: 4/4
  1751 | D:2      | Reached skill level 4 in Unarmed Combat
  1856 | D:2      | Noticed Robin
  1860 | D:2      | Reached XP level 5. HP: 37/37 MP: 5/5
  2222 | D:2      | Killed Robin
  2782 | D:3      | Found a bloodstained altar of Trog.
  2783 | D:3      | Noticed a moth of wrath
  3081 | D:3      | Found a white marble altar of Elyvilon.
  3360 | D:3      | Reached XP level 6. HP: 44/44 MP: 6/6
  3608 | D:4      | Reached skill level 5 in Unarmed Combat
  3743 | D:4      | Found a hide-covered altar of Uskayaw.
  3757 | D:4      | Noticed Bleys's ghost (amateur SpEn)
  3766 | D:4      | Killed Bleys's ghost
  3766 | D:4      | Reached skill level 5 in Fighting
  3780 | D:4      | Reached skill level 6 in Unarmed Combat
  3780 | D:4      | Reached XP level 7. HP: 48/50 MP: 7/7
  3789 | D:4      | Found a staircase to the Ecumenical Temple.
  3809 | Temple   | Entered the Ecumenical Temple
  4036 | Temple   | Became a worshipper of Gozag Ym Sagoz the Greedy
  4715 | D:5      | Entered Level 5 of the Dungeon
  5040 | D:5      | Reached skill level 7 in Unarmed Combat
  5054 | D:5      | Reached XP level 8. HP: 29/57 MP: 8/8
  5486 | D:5      | Found a sacrificial altar of Ru.
  5952 | D:6      | Noticed a hippogriff
  5958 | D:6      | Reached skill level 8 in Unarmed Combat
  5965 | D:6      | Killed a hippogriff
  5968 | D:6      | Noticed an angel
  5969 | D:6      | Found a glowing silver altar of Zin.
  5969 | D:6      | Found a shimmering altar of Xom.
  6260 | D:6      | Reached skill level 9 in Unarmed Combat
  6277 | D:6      | Reached XP level 9. HP: 53/64 MP: 9/9
  6717 | D:6      | Reached skill level 10 in Unarmed Combat
  7496 | D:6      | Found a snail-covered altar of Cheibriados.
  7677 | D:6      | Found a radiant altar of Vehumet.
  7678 | D:6      | Found a burning altar of Makhleb.
  8046 | D:7      | Reached skill level 11 in Unarmed Combat
  8158 | D:7      | Noticed Bleys's ghost (novice SpEn)
  8168 | D:7      | Gained mutation: You are somewhat resistant to further mutation. [potion of mutation]
  8168 | D:7      | Gained mutation: You are partially covered in molten scales. (AC +2) [potion of mutation]
  8176 | D:7      | Killed Bleys's ghost
  8176 | D:7      | Reached XP level 10. HP: 54/73 MP: 10/10
  8299 | D:7      | Found a shattered altar of Ashenzari.
  8700 | D:7      | Reached skill level 12 in Unarmed Combat
  9122 | D:7      | Found Qushy's Gadget Emporium.
  9316 | D:7      | Found a deep blue altar of Sif Muna.
  9812 | D:7      | Identified Sif Muna's Almanac of Poison
  9898 | D:8      | Found a staircase to the Lair.
 10330 | D:8      | Noticed a two-headed ogre
 10343 | D:8      | Killed a two-headed ogre
 10422 | D:8      | Reached XP level 11. HP: 71/80 MP: 11/11
 10620 | D:8      | Found a hazy altar of Hepliaklqana.
 10885 | Lair:1   | Entered Level 1 of the Lair of Beasts
 11389 | Lair:1   | Reached skill level 5 in Dodging
 11389 | Lair:1   | Reached skill level 5 in Shields
 11508 | Lair:1   | Found a shattered altar of Ashenzari.
 11625 | Lair:1   | Noticed an obsidian statue
 11641 | Lair:1   | Killed an obsidian statue
 11641 | Lair:1   | Reached skill level 13 in Unarmed Combat
 12050 | Lair:2   | Noticed a spriggan rider
 12144 | Lair:1   | Reached skill level 10 in Fighting
 13160 | Lair:2   | Mangled by a spriggan rider

Vault maps used:
D:1:      evilmike_arrival_hilbert_curve, minmay_tetromino_l4
D:2:      lemuel_doored_altar, kiku_gazebo_pond_becter, serial_park_tiny_1,
          grunt_ministairs_15, uniq_robin, uniq_jessica
D:3:      tgw_trog, marbit_many_paths
D:4:      overflow_temple_1_default, minmay_temple_entry_hall, first_bread
D:5:      nicolae_ru_path_of_blood
D:6:      grunt_temple_overflow_order_and_chaos_1,
          grunt_temple_overflow_lords_of_destruction,
          nicolae_overflow_crystal_walls
D:7:      evilmike_ruin_ashenzari, led_sif_book, serial_shops,
          nicolae_shop_trees, grunt_ogre_cave, kennysheep_generic_room_9
D:8:      minmay_lair_entry_lava, basic_altar
Temple:   compressed_dpeg_triangle_lava_temple
Lair:1:   statuecave_lemuel, basic_altar, serial_bayou_shore_b,
          infiniplex_staircase_pool_2
Lair:2:   small_statue_intersection, grunt_forest_large_clearings,
          grunt_megastairs_2, uniq_nergalle, uniq_sonja

Skill      XL: |  1  2  3  4  5  6  7  8  9 10 11 |
---------------+----------------------------------+-----
Unarmed Combat | 3 4 6 7 9 11 12 13 | 13.5
Fighting       | 4 5 6 7 8 9 10 | 10.2
Dodging        | 4 5 |  5.9
Shields        | 4 5 |  5.8

Action                   |  1- 3 |  4- 6 |  7- 9 | 10-12 || total
-------------------------+-------+-------+-------+-------++-------
Melee: Unarmed           |    69 |   138 |   239 |   308 ||   754
       Constrict         |    24 |    38 |    55 |    69 ||   186
       Tentacles         |    16 |    23 |    63 |    85 ||   187
       Punch             |     1 |     2 |    16 |    20 ||    39
Invok: Call Merchant     |       |       |     1 |       ||     1
       Potion Petition   |       |       |       |     2 ||     2
 Abil: Evoke Berserk Rag |     1 |     1 |     4 |     8 ||    14
  Use: Scroll            |       |    11 |     4 |     4 ||    19
       Potion            |       |     2 |     7 |     7 ||    16
 Stab: Sleeping          |     7 |     5 |     3 |     9 ||    24
       Distracted        |       |       |     2 |     5 ||     7
  Eat: Chunk             |     2 |     9 |     1 |       ||    12
       Royal jelly       |       |       |     2 |       ||     2
       Bread ration      |       |       |     3 |     5 ||     8
Armor: Skin              |     9 |     3 |     9 |    20 ||    41
Dodge: Dodged            |    28 |    44 |    65 |   131 ||   268
Block: Shield            |    35 |    49 |    89 |   108 ||   281
